 Dungeon Crawl Stone Soup version 0.25-a0-365-g7600c65 (webtiles) character file.

Game seed: 10649069644217201864, levelgen mode: deterministic

1681 zxpr0jk the Conjurer (level 8, -1/57 HPs)
             Began as a Yellow Draconian Ice Elementalist on Jan 6, 2020.
             Was a Follower of Dithmenos.
             Slain by an orc
             ... wielding a +2 hand axe of flaming
              (4 damage)
             ... on level 8 of the Dungeon.
             The game lasted 00:18:59 (6384 turns).

zxpr0jk the Conjurer (DrIE)                         Turns: 6384, Time: 00:19:00

Health: -1/57      AC:  9    Str: 10    XL:     8   Next: 71%
Magic:  15/18      EV: 11    Int: 18    God:    Dithmenos [*.....]
Gold:   308        SH:  3    Dex: 12    Spells: 12/21 levels left

rFire    + . .     SeeInvis .   q - +0 long sword (holy)
rCold    . . .     Gourm    .   B - +0 buckler
rNeg     + . .     Faith    .   (armour unavailable)
rPois    .         Spirit   .   (helmet restricted)
rElec    .         Reflect  .   (no cloak)
rCorr    +         Harm     .   (no gloves)
MR       +++..     Clarity  +   k - +2 pair of boots
Stlth    ++........             C - amulet of the Four Winds {rN+ MR+++ Clar}
HPRegen  0.19/turn              a - ring of protection from fire
MPRegen  0.16/turn              (no ring)

@: wreathed by umbra
A: spit acid, unfitting armour, cold-blooded, acid resistance, AC +6
a: Breathe Acid, Renounce Religion


You were on level 8 of the Dungeon.
You worshipped Dithmenos.
Dithmenos was aware of your devotion.
You were hungry.

You visited 2 branches of the dungeon, and saw 9 of its levels.

You collected 308 gold pieces.

Inventory:

Hand Weapons
 h - a +0 trident
 q - a +0 long sword of holy wrath (weapon)
Missiles
 g - 115 stones (quivered)
Armour
 k - a +2 pair of boots (worn)
 B - a +0 buckler (worn)
Magical Staves
 I - an uncursed staff of summoning
Jewellery
 a - a ring of protection from fire (left hand)
 C - the amulet of the Four Winds (around neck) {rN+ MR+++ Clar}
   (You found it on level 6 of the Dungeon)

   [amulet of nothing]

   It protects you from negative energy.
   It affects your resistance to hostile enchantments.
   It protects you against confusion.
Wands
 t - a wand of random effects (39)
 x - a wand of disintegration (14)
 E - a wand of digging (6)
Scrolls
 c - a scroll of immolation
 e - 2 scrolls of amnesia {unknown}
 i - 3 scrolls of teleportation {unknown}
 l - a scroll of enchant armour {unknown}
 o - 3 scrolls of enchant weapon {unknown}
 u - 11 scrolls of identify {unknown}
 v - 4 scrolls of blinking {unknown}
 w - 2 scrolls of random uselessness {unknown}
 y - a scroll of fog {unknown}
 A - 3 scrolls of remove curse
 D - a scroll of acquirement {unknown}
 G - a scroll of noise {unknown}
Potions
 d - 2 potions of curing
 f - 3 potions of lignification {unknown}
 j - 4 potions of flight {unknown}
 m - 2 potions of agility {unknown}
 n - 2 potions of degeneration {unknown}
 p - 2 potions of heal wounds {unknown}
 r - a potion of might {unknown}
 s - a potion of resistance {unknown}
 z - a potion of magic {unknown}
 F - a potion of invisibility {unknown}
Comestibles
 b - 9 rations


   Skills:
 - Level 1.7 Dodging
 - Level 1.7 Stealth
 + Level 7.0 Spellcasting
 - Level 7.0 Conjurations
 - Level 6.0 Ice Magic


You had 12 spell levels left.
You knew the following spells:

 Your Spells              Type           Power        Failure   Level  Hunger
a - Freeze                Ice            ####         1%          1    None
b - Hailstorm             Conj/Ice       ####....     12%         4    ####...
c - Summon Ice Beast      Ice/Summ       ###.....     45%         4    ####...

Your spell library contained the following spells:

 Spells                   Type           Power        Failure   Level  Hunger
 Ozocubu's Armour         Chrm/Ice       ###.....     16%         3    ##.....


Dungeon Overview and Level Annotations

Branches:
Dungeon (8/15)             Temple (1/1) D:4
   Lair: D:8-11

Altars:
Ashenzari
Cheibriados
Dithmenos
Elyvilon
Fedhas
Gozag
Hepliaklqana
Kikubaaqudgha
Makhleb
Nemelex Xobeh
Okawaru
Qazlal
Sif Muna
Trog
Uskayaw
Vehumet
Wu Jian
Xom
Yredelemnul
Zin
The Shining One

Shops:
D:5 }   D:6 !

Annotations:
D:3 1 runed translucent door, Pooter's ghost, amateur GrMo
D:5 exclusion: statue


Innate Abilities, Weirdness & Mutations

You can spit globs of acid.
Your golden yellow scales are hard. (AC +6)
You cannot fit into any form of body armour.
You are cold-blooded and may be slowed by cold attacks.
You are resistant to acid. (rCorr)


Message History

Evoke which item? (* to show all) (? for menu, Esc to quit)
Okay, then.
The orc barely misses you.
You riposte.
You slash the orc!
You kill the orc!
Dithmenos accepts your kill.
Your Spellcasting skill increases to level 7!
The orc priest mumbles some strange prayers to Beogh against you.
Beogh smites you!
* * * LOW HITPOINT WARNING * * *
You barely miss the orc. The orc closely misses you.
You riposte.
You hit the orc but do no damage.
Your tail-slap misses the orc.
Casting: Freeze (safe; 1% risk of failure)
Confirm with . or Enter, or press ? or * to list all spells.
Aiming: Freeze (safe; 1% risk of failure)
Press: ? - help, Shift-Dir - straight line, f - orc
Aim: an orc, wielding a +2 hand axe of flaming (umbra)
You freeze the orc.
The orc is heavily wounded.
The orc hits you with a +2 hand axe of flaming.
You die...

#. .# #.####### #.# #.#.....# #.# #
#.#.###.# #.# # ###########.#...#.#
#.# . ..............#.#@# #.#.#
........###.#.#.#o#############.#.#
.....[...........Z..Z...o....[...$)
............#.#.#.#############...(
............#.#.#.##...............
............#...#.##.###########.Z.
............#####.##.######## ...
.....[.>..................... ...
#####.............##.######## ###


You could see an orc and a centaur zombie.

Vanquished Creatures
  A black bear (D:8)
  2 ogres
  2 centaurs
  An ice beast (D:7)
  Blork the orc (D:6)
  2 scorpions
  A howler monkey (D:6)
  A crimson imp (D:6)
  A centaur skeleton (D:5)
  4 hounds
  2 jellies
  5 orc priests
  A bullfrog skeleton (D:7)
  5 iguanas
  Ijyb (D:4)
  5 orc wizards
  3 worker ants
  4 gnolls (D:3)
  4 adders
  A shadow imp (D:5)
  An adder skeleton (D:4)
  2 worms (D:4)
  2 dart slugs
  5 leopard geckos
  30 orcs
  3 giant cockroaches
  7 goblins
  3 hobgoblins
  10 jackals
  2 quokkas
  A ball python (D:2)
  5 bats
  A frilled lizard (D:5)
  4 kobolds
  A quokka skeleton (D:4)
  4 rats
128 creatures vanquished.

Notes
Turn   | Place    | Note
-------+----------+-------------------------------------------
     0 | D:1      | zxpr0jk the Draconian Ice Elementalist began the quest for
                  | the Orb.
     0 | D:1      | Reached XP level 1. HP: 14/14 MP: 3/3
    79 | D:1      | Reached XP level 2. HP: 5/20 MP: 0/5
   423 | D:1      | You fall into a shaft and drop 1 floor!
   516 | D:2      | Reached XP level 3. HP: 8/26 MP: 1/6
  1252 | D:3      | Reached skill level 5 in Ice Magic
  1332 | D:3      | Reached XP level 4. HP: 20/33 MP: 4/8
  1627 | D:3      | Reached XP level 5. HP: 24/38 MP: 3/9
  1656 | D:3      | Found a runed translucent door.
  1656 | D:3      | Noticed Pooter's ghost (amateur GrMo)
  2273 | D:4      | Learned a level 4 spell: Hailstorm
  2446 | D:4      | Reached skill level 1 in Conjurations
  2545 | D:4      | Noticed Ijyb
  2563 | D:4      | Killed Ijyb
  2563 | D:4      | Reached XP level 6. HP: 45/45 MP: 5/11
  2715 | D:4      | Found a staircase to the Ecumenical Temple.
  2720 | Temple   | Entered the Ecumenical Temple
  2881 | Temple   | Became a worshipper of Dithmenos the Shadowed
  3455 | D:5      | Entered Level 5 of the Dungeon
  3498 | D:5      | Your scales start taking on a golden yellow colour.
  3498 | D:5      | Reached XP level 7. HP: 27/50 MP: 10/13
  3498 | D:5      | Gained mutation: You are resistant to acid. (rCorr) [Yellow
                  | Draconian growth]
  3826 | D:5      | Reached * piety under Dithmenos
  3914 | D:5      | Found an ancient bone altar of Kikubaaqudgha.
  3920 | D:5      | Found Keynuhash's Gadget Shop.
  3960 | D:5      | Reached skill level 5 in Conjurations
  3999 | D:5      | Found a radiant altar of Vehumet.
  4516 | D:6      | Reached skill level 5 in Spellcasting
  4707 | D:6      | Found Quafaj's Distillery.
  4722 | D:6      | Noticed Blork the orc
  4731 | D:6      | Killed Blork the orc
  4731 | D:6      | Reached XP level 8. HP: 57/57 MP: 10/15
  4737 | D:6      | Learned a level 4 spell: Summon Ice Beast
  4742 | D:6      | Found the amulet of the Four Winds {rN+ MR+++ Clar}
  5667 | D:7      | Found a bloodstained altar of Trog.
  5667 | D:7      | Found a sparkling altar of Nemelex Xobeh.
  5670 | D:7      | Found a glowing golden altar of the Shining One.
  6379 | D:8      | HP: 2/57 [orc priest/divine providence (15)]
  6384 | D:8      | Slain by an orc

Levels and vault maps discovered:
D:1:      nicolae_arrival_memento_mori, layout_basic
D:2:      layout_rooms, minmay_split_cup_large
D:3:      layout_loops_cross, ebering_ghost_inner_flame, first_ration,
          minivault_11
D:4:      layout_basic, temple_doors_cd, uniq_ijyb
D:5:      layout_gridville, vehumet_statue, lemuel_doored_altar, serial_shops,
          shop
D:6:      layout_basic, serial_shops, shop, uniq_blork_the_orc
D:7:      layout_loops_cross, gammafunk_temple_overflow_claw
D:8:      layout_basic
Temple:   nicolae_temple_elliptical

Skill      XL: |  1  2  3  4  5  6  7  8 |
---------------+-------------------------+-----
Ice Magic      | 5 6 |  6.0
Spellcasting   | 3 4 5 7 |  7.0
Conjurations   | 2 3 5 7 |  7.0
Dodging        | |  1.7
Stealth        | |  1.7

Action                   |  1- 3 |  4- 6 |  7- 9 || total
-------------------------+-------+-------+-------++-------
Melee: Dagger            |    19 |       |       ||    19
       Tailslap          |     8 |    12 |    19 ||    39
       Short sword       |    79 |       |       ||    79
       Trident           |     6 |   142 |    71 ||   219
       Long sword        |       |       |   114 ||   114
Throw: Stone             |    38 |    61 |    75 ||   174
 Cast: Freeze            |    27 |    50 |    44 ||   121
       Hailstorm         |       |     2 |     4 ||     6
 Abil: Breathe Acid      |       |       |     5 ||     5
  Use: Potion            |     1 |       |     1 ||     2
       Scroll            |     1 |       |       ||     1
 Stab: Sleeping          |     1 |     2 |     3 ||     6
       Distracted        |     1 |     1 |       ||     2
  Eat: Chunk             |     2 |     7 |     7 ||    16
       Ration            |       |       |     1 ||     1
Armor: Skin              |    54 |    83 |    80 ||   217
Dodge: Dodged            |   102 |   104 |   173 ||   379
Block: Buckler           |       |       |    19 ||    19
       Rpst.: Long sword |       |       |    25 ||    25

Table legend:
 A = Non-vault XP
 B = Vault XP
 C = Vault XP percentage of total XP
 D = Non-vault monster count
 E = Vault monster count
 F = Vault count percentage of total count
                 A         B        C        D         E       F
            +---------+---------+-------+---------+---------+-------
      Total |    2255 |     147 |   6.1 |     122 |       6 |   4.7
            +---------+---------+-------+---------+---------+-------
        D:1 |      16 |       0 |   0.0 |       7 |       0 |   0.0
        D:2 |      38 |      20 |  34.5 |      17 |       4 |  19.0
        D:3 |     129 |       0 |   0.0 |      17 |       0 |   0.0
        D:4 |     478 |      36 |   7.0 |      27 |       1 |   3.6
        D:5 |     439 |       0 |   0.0 |      20 |       0 |   0.0
        D:6 |     225 |      91 |  28.8 |       8 |       1 |  11.1
        D:7 |     522 |       0 |   0.0 |      15 |       0 |   0.0
        D:8 |     408 |       0 |   0.0 |      11 |       0 |   0.0
            +---------+---------+-------+---------+---------+-------
